Map: Oxide LE

Players

Zest - Winner!

  • Race: Protoss Protoss
  • Spawn Location: 7:00

Reynor

  • Race: Zerg Zerg
  • Spawn Location: 1:00

Event: IEM Katowice 2021

VOD

Have the link to the VOD?

Description

Time

  • Played on: Feb. 24, 2021, 11:43 a.m.
  • Length: 6:51

All games in this series

Show
View Real Time Build Order
Export as new Build Order

Zest Protoss - Winner!

Build Orders: 1 Gate Expand, Mass Phoenix 

Get SALT Encoding   

  12  0:00  Probe  
  13  0:12  Probe  
  14  0:19  Pylon  
  14  0:24  Probe  
  15  0:37  Probe (Chrono Boost)  
  15  0:40  Gateway  
  16  0:46  Probe (Chrono Boost)  
  16  0:49  Assimilator  
  17  0:51  Probe (Chrono Boost)  
  18  1:03  Probe  
  19  1:15  Probe  
  20  1:26  Nexus  
  20  1:37  Cybernetics Core  
  20  1:40  Probe  
  20  1:46  Assimilator  
  21  1:52  Probe  
  22  1:56  Pylon  
  22  2:05  Probe (Chrono Boost)  
  23  2:14  Adept  
  26  2:16  Probe (Chrono Boost)  
  26  2:19  Stargate  
  26  2:21  Probe (Chrono Boost)  
  27  2:35  Probe (Chrono Boost)  
  28  2:38  Probe (Chrono Boost)  
  29  2:47  Adept, Protoss Air Weapons Level 1, Probe (Chrono Boost)  
  29  2:48  Probe (Chrono Boost)  
  33  2:53  Probe (Chrono Boost)  
  33  2:56  Probe, Void Ray (Chrono Boost)  
  35  3:05  Probe  
  40  3:08  Probe  
  40  3:12  Pylon  
  41  3:17  Probe  
  42  3:20  Probe  
  42  3:23  Gateway  
  43  3:27  Void Ray  
  43  3:29  Probe  
  43  3:32  Probe  
  49  3:41  Probe  
  50  3:44  Probe  
  51  3:52  Nexus  
  51  3:55  Pylon  
  51  4:01  Stargate  
  51  4:06  Assimilator  
  51  4:07  Probe  
  51  4:08  Probe, Assimilator  
  53  4:13  Pylon  
  53  4:19  Phoenix  
  53  4:21  Probe  
  53  4:23  Probe  
  57  4:27  Pylon  
  57  4:33  Probe  
  57  4:35  Probe  
  59  4:44  Phoenix (Chrono Boost)  
  59  4:45  Phoenix (Chrono Boost)  
  63  4:49  Probe x2  
  65  4:58  Shield Battery  
  65  5:01  Phoenix (Chrono Boost)  
  65  5:02  Phoenix (Chrono Boost)  
  65  5:04  Shield Battery  
  69  5:10  Probe x2  
  69  5:11  Probe  
  72  5:17  Pylon  
  72  5:19  Phoenix (Chrono Boost)  
  72  5:20  Phoenix (Chrono Boost)  
  76  5:33  Probe  
  77  5:39  Phoenix (Chrono Boost)  
  77  5:40  Phoenix (Chrono Boost)  
  81  5:46  Probe x3  
  81  5:47  Shield Battery  
  81  5:48  Pylon  
  84  5:58  Probe x2  
  85  6:07  Adept x2  
  88  6:17  Probe x2  
  89  6:21  Phoenix x2 (Chrono Boost), Probe  
  89  6:25  Pylon  
  93  6:29  Probe x2  
  95  6:36  Probe  
  94  6:42  Gateway  
  94  6:43  Gateway  
  94  6:45  Gateway  
  96  6:48  Gateway  
Show
View Real Time Build Order
Export as new Build Order

Reynor Zerg 

Build Orders: Hatch First 

Get SALT Encoding   

  12  0:00  Drone  
  13  0:12  Overlord  
  13  0:17  Drone  
  14  0:30  Drone x2  
  16  0:41  Drone  
  18  0:50  Drone  
  18  0:57  Hatchery  
  17  0:58  Drone  
  18  1:06  Extractor  
  17  1:14  Spawning Pool  
  17  1:16  Drone  
  17  1:20  Drone  
  18  1:27  Drone  
  19  1:38  Drone  
  20  1:49  Overlord  
  20  2:00  Queen  
  22  2:08  Drone  
  22  2:09  Drone, Queen  
  22  2:10  Drone  
  22  2:15  Metabolic Boost  
  27  2:20  Zergling x2  
  27  2:21  Zergling x2  
  29  2:30  Drone  
  29  2:33  Drone  
  31  2:42  Hatchery  
  30  2:45  Drone  
  30  2:46  Drone  
  32  2:51  Overlord  
  32  2:56  Queen  
  34  2:59  Drone  
  35  3:06  Overlord  
  35  3:07  Drone  
  35  3:10  Drone x2  
  38  3:13  Drone  
  38  3:15  Drone  
  40  3:20  Overlord  
  40  3:24  Queen  
  43  3:27  Drone  
  43  3:29  Drone  
  44  3:36  Zergling x2  
  44  3:39  Overlord  
  45  3:41  Drone x2  
  45  3:42  Drone  
  45  3:46  Zergling x2  
  49  3:49  Queen  
  49  3:54  Drone x2  
  52  3:58  Queen, Spore Crawler  
  52  4:01  Drone  
  54  4:03  Drone  
  54  4:05  Drone x2  
  54  4:06  Zergling x2  
  54  4:08  Drone  
  59  4:11  Overlord  
  59  4:14  Drone  
  59  4:16  Drone  
  61  4:21  Lair  
  61  4:22  Drone  
  62  4:24  Drone  
  62  4:26  Drone, Extractor  
  62  4:30  Overlord  
  63  4:32  Drone x3  
  63  4:34  Queen  
  63  4:37  Drone  
  69  4:39  Zergling x2  
  69  4:40  Drone x3  
  69  4:44  Overlord  
  73  4:47  Drone  
  73  4:49  Drone  
  73  4:50  Pneumatized Carapace  
  73  4:52  Extractor  
  74  4:54  Overlord  
  74  4:58  Drone  
  74  4:59  Drone  
  75  5:03  Extractor  
  75  5:04  Drone x3, Extractor  
  75  5:06  Drone x3  
  79  5:07  Drone, Roach Warren  
  79  5:09  Extractor  
  79  5:10  Spore Crawler  
  77  5:16  Overlord  
  77  5:17  Drone x4  
  77  5:21  Overseer  
  81  5:22  Drone  
  81  5:24  Overlord  
  81  5:27  Drone  
  83  5:30  Queen  
  83  5:31  Queen  
  83  5:32  Overlord  
  85  5:36  Drone x2  
  85  5:38  Overlord  
  85  5:40  Drone  
  85  5:41  Spore Crawler  
  85  5:45  Queen  
  85  5:49  Zergling x2  
  84  5:50  Zergling x2  
  84  5:51  Zergling x2  
  82  5:59  Zergling x8  
  82  6:00  Zergling x2  
  85  6:06  Queen x2, Roach x3  
  85  6:10  Spore Crawler  
  93  6:11  Spore Crawler  
  93  6:13  Roach x2  
  91  6:21  Roach x3  
  95  6:27  Overlord  
  95  6:28  Spore Crawler  
  95  6:30  Overlord  
  95  6:32  Overlord  

Tags
 
Add a new tag
Caveats
  • Supply blocks, unpowered buildings, or Contaminate may cause inaccurate times.
  • Supply counts are checked every 10 seconds.